Map: Ephemeron LE

Players

Rowrin

  • Race: Terran Terran
  • League: Master
  • Spawn Location: 11:00

ViBE - Winner!

  • Race: Terran Terran
  • League: Master
  • Spawn Location: 5:00

VOD

Have the link to the VOD?

Description

Time

  • Played on: Dec. 26, 2019, 10:03 p.m.
  • Length: 15:41
Show
View Real Time Build Order
Export as new Build Order

Rowrin Terran 

Build Orders: Gas First Reaper Expand 

Get SALT Encoding   

  12  0:01  SCV  
  13  0:13  SCV  
  14  0:17  Supply Depot  
  14  0:25  SCV  
  14  0:28  Refinery  
  15  0:39  SCV  
  16  0:45  Barracks  
  16  0:51  SCV  
  17  1:03  SCV  
  18  1:15  SCV  
  19  1:34  Orbital Command  
  19  1:35  Reaper  
  20  1:50  Barracks  
  20  1:53  Command Center  
  20  2:02  SCV  
  21  2:10  Factory  
  21  2:12  Barracks Reactor  
  21  2:16  SCV  
  21  2:21  Supply Depot  
  22  2:46  SCV  
  22  2:47  Refinery  
  23  2:58  Marine  
  24  3:00  Hellion x2  
  24  3:01  SCV  
  29  3:07  Refinery  
  29  3:08  Orbital Command  
  29  3:10  Refinery  
  29  3:13  SCV  
  29  3:15  Marine  
  31  3:25  Supply Depot  
  31  3:27  Hellion  
  33  3:32  SCV  
  33  3:33  SCV  
  35  3:53  Hellion  
  37  3:57  Marine  
  37  4:02  Supply Depot  
  36  4:09  SCV x2, Starport  
  38  4:10  Starport  
  38  4:21  SCV  
  38  4:22  SCV  
  40  4:27  Marine x2  
  42  4:32  Engineering Bay  
  42  4:34  SCV x2  
  44  4:44  Supply Depot  
  44  4:46  SCV x2  
  44  4:48  Starport Tech Lab x2  
  44  4:49  Fusion Core  
  44  4:50  Factory Tech Lab  
  46  4:58  SCV  
  46  4:59  SCV  
  48  5:04  Marine x2  
  50  5:10  SCV  
  50  5:11  SCV  
  52  5:28  Missile Turret  
  52  5:36  Missile Turret  
  52  5:37  Battlecruiser  
  58  5:43  Battlecruiser  
  58  5:49  SCV x2  
  66  5:52  Weapon Refit  
  66  6:01  SCV x2  
  68  6:10  Supply Depot x2  
  68  6:13  SCV x2  
  70  6:29  SCV x2  
  72  6:41  SCV x2  
  72  6:42  Battlecruiser  
  80  6:47  Command Center  
  75  6:55  Battlecruiser  
  81  7:05  Marine x2  
  83  7:11  SCV x2  
  79  7:36  Siege Tank  
  76  7:38  SCV x2  
  77  7:45  Supply Depot  
  77  7:46  Battlecruiser  
  77  7:50  Marine x2  
  85  7:57  Command Center  
  85  7:59  Battlecruiser  
  91  8:13  Marine x2  
  73  8:50  Battlecruiser  
  77  9:04  Battlecruiser  
  61  9:12  SCV  
  61  9:13  SCV, Orbital Command  
  62  9:32  SCV x2  
  64  9:44  SCV  
  64  9:45  SCV  
  65  9:46  SCV  
  65  9:49  Supply Depot x2  
  66  9:54  Armory, Battlecruiser  
  66  9:57  SCV x2  
  74  10:08  Battlecruiser  
  74  10:22  SCV x2  
  74  10:23  SCV  
  74  10:26  Refinery  
  77  10:34  SCV  
  76  10:59  Battlecruiser  
  82  11:12  Battlecruiser  
  88  11:36  Marine x2, Siege Tank  
  63  11:55  SCV  
  63  11:56  SCV  
  63  11:57  Barracks x3  
  63  11:59  Refinery  
  65  12:03  Battlecruiser  
  71  12:10  Supply Depot, Terran Vehicle And Ship Armor Level 1  
  71  12:11  Siege Tank  
  74  12:16  Battlecruiser  
  74  12:20  Marine x2  
  81  12:38  Marine x2  
  81  12:39  Terran Infantry Weapons Level 1  
  70  12:47  Marine  
  70  12:48  Barracks Tech Lab x2  
  71  13:01  Siege Tank  
  71  13:02  Marine x2  
  71  13:05  SCV x2  
  66  13:06  Command Center  
  66  13:08  Marine x3  
  66  13:09  Combat Shield, Stimpack  
  69  13:35  Medivac  
  69  13:36  Medivac  
  69  13:38  Siege Tank  
  69  13:40  SCV x2, Marine  
  69  13:41  Marine x3  
  68  13:45  Engineering Bay  
  70  13:49  Marine  
  70  13:52  SCV x2  
  73  13:58  Marine x2  
  73  13:59  Marine  
  73  14:02  Marine  
  77  14:03  Factory  
  77  14:04  SCV x2  
  77  14:07  Marine  
  77  14:08  Medivac x2  
  84  14:13  Supply Depot x2  
  84  14:16  Marine x2, SCV  
  87  14:18  Siege Tank  
  87  14:19  Orbital Command  
  89  14:25  Marine x3  
  92  14:31  SCV x2  
  92  14:34  Marine x2, Missile Turret  
  96  14:43  Marine x3  
  99  14:46  Supply Depot  
  99  14:47  Supply Depot  
  99  14:52  Marine  
  100  14:55  Factory Tech Lab, Siege Tank  
  100  14:56  SCV x2  
  100  14:58  SCV  
  100  14:59  Refinery  
  106  15:04  Sensor Tower  
  104  15:08  SCV  
Show
View Real Time Build Order
Export as new Build Order

ViBE Terran - Winner!

Build Orders:  

Get SALT Encoding   

  12  0:00  SCV  
  13  0:13  SCV  
  14  0:18  Supply Depot  
  14  0:25  SCV  
  15  0:40  SCV  
  15  0:42  Barracks  
  16  0:46  Refinery  
  16  0:52  SCV  
  17  1:04  SCV  
  18  1:16  SCV  
  19  1:28  SCV  
  20  1:43  Reaper, Orbital Command  
  21  1:58  Command Center  
  21  2:09  SCV  
  21  2:14  Supply Depot  
  22  2:18  Barracks Reactor  
  22  2:24  SCV, Refinery  
  22  2:25  Factory  
  22  2:40  SCV  
  23  2:52  SCV  
  23  2:55  Marine x2  
  26  3:03  Supply Depot  
  26  3:04  SCV  
  27  3:11  Starport  
  27  3:12  Factory Tech Lab  
  27  3:15  Marine x2  
  27  3:16  SCV  
  27  3:17  Orbital Command  
  30  3:27  Supply Depot  
  30  3:28  SCV  
  31  3:34  Siege Tank  
  31  3:38  Marine x2  
  36  3:44  SCV x2  
  36  3:55  Viking  
  34  3:56  SCV x2  
  35  4:08  SCV x2  
  37  4:17  Siege Tank  
  37  4:20  SCV x2  
  37  4:23  Marine x2  
  44  4:32  SCV x2  
  46  4:38  Command Center  
  46  4:42  Marine x2  
  46  4:44  SCV x2  
  50  4:49  Siege Tank  
  53  4:56  SCV x2  
  53  4:59  Barracks  
  55  5:03  Barracks  
  55  5:04  Marine x2  
  55  5:06  Starport Reactor  
  57  5:14  SCV x2  
  59  5:25  Refinery  
  59  5:26  SCV, Refinery  
  59  5:27  SCV  
  61  5:37  Marine  
  61  5:42  Supply Depot x3  
  62  5:45  Supply Depot  
  62  5:48  Barracks Tech Lab  
  62  5:50  Marine, SCV x2, Medivac x2, Barracks Tech Lab, Siege Tank  
  62  5:52  SCV  
  73  5:58  Marine  
  73  6:02  SCV  
  52  6:04  Orbital Command  
  75  6:06  SCV  
  75  6:08  Marine  
  77  6:12  Combat Shield, Stimpack, Engineering Bay x2  
  77  6:14  SCV  
  77  6:28  Orbital Command  
  77  6:29  SCV x2  
  77  6:30  Marine x4  
  77  6:32  Siege Tank  
  86  6:33  Viking x2  
  90  6:51  Sensor Tower  
  90  6:53  SCV x2  
  92  6:55  SCV  
  80  7:15  SCV  
  80  7:16  SCV x2  
  80  7:17  Viking  
  80  7:19  Marine x4  
  86  7:28  SCV x3  
  86  7:37  Marine  
  86  7:40  SCV x3, Terran Infantry Weapons Level 1, Terran Infantry Armor Level 1  
  90  7:47  Viking  
  92  7:52  SCV x3  
  92  7:56  Command Center  
  95  7:59  Command Center  
  95  8:04  SCV  
  95  8:05  Marine x4  
  95  8:06  Siege Tank  
  95  8:17  SCV x3  
  96  8:23  Marine  
  96  8:26  Starport x2, Refinery x2  
  92  8:27  Marine x2  
  92  8:29  SCV x2  
  76  8:56  Hellion  
  76  8:57  Viking  
  78  9:08  SCV x3  
  78  9:09  Starport Reactor x2  
  78  9:12  Orbital Command  
  66  9:20  SCV x2  
  66  9:25  SCV  
  66  9:26  Viking  
  67  9:32  SCV x2  
  67  9:34  Orbital Command  
  67  9:38  SCV  
  70  9:40  Marine x3, Siege Tank  
  70  9:41  Marine  
  70  9:44  SCV x2  
  79  9:50  SCV  
  80  9:53  Viking x3  
  80  9:56  SCV  
  80  9:57  Starport Reactor  
  85  10:09  Marine x3  
  85  10:10  Marine  
  89  10:19  SCV x4  
  94  10:21  SCV  
  94  10:29  Armory  
  94  10:31  SCV x4  
  94  10:32  Barracks  
  94  10:34  Barracks  
  94  10:35  Barracks x2  
  96  10:36  Barracks  
  96  10:37  Barracks  
  90  10:43  SCV  
  90  10:46  SCV x4  
  90  10:48  Viking  
  90  10:49  Viking x4  
  100  10:51  Marine x4  
  100  10:53  Siege Tank  
  100  10:55  SCV  
  110  10:58  SCV x3  
  110  11:07  SCV  
  110  11:08  Marine  
  110  11:09  Marine x2  
  110  11:10  SCV x3  
  116  11:18  Viking, Command Center  
  111  11:19  Viking  
  111  11:21  Viking  
  111  11:22  SCV, Viking  
  111  11:24  SCV x2  
  115  11:27  Terran Ship Weapons Level 1  
  104  11:45  SCV  
  104  11:46  SCV  
  101  11:47  Supply Depot x2  
  101  11:48  SCV, Supply Depot  
  97  11:57  SCV  
  97  11:58  SCV  
  97  12:00  SCV  
  97  12:01  Barracks Reactor x2  
  100  12:02  Factory Tech Lab  
  100  12:10  SCV x2, Starport, Supply Depot x2  
  100  12:12  SCV  
  100  12:13  Command Center  
  103  12:17  Refinery  
  103  12:18  Viking, Refinery  
  103  12:19  Viking x3  
  103  12:20  Marine x2  
  103  12:22  SCV x2, Barracks Reactor  
  114  12:23  Barracks Reactor  
  114  12:24  SCV, Barracks Reactor  
  116  12:34  SCV  
  116  12:35  SCV  
  116  12:36  SCV  
  118  12:46  SCV  
  118  12:47  SCV  
  118  12:48  SCV  
  121  12:51  Terran Infantry Weapons Level 2, Terran Infantry Armor Level 2  
  121  12:58  SCV  
  118  12:59  SCV  
  118  13:05  SCV  
  116  13:10  SCV  
  116  13:11  SCV  
  118  13:17  SCV  
  119  13:22  SCV  
  119  13:23  SCV  
  121  13:30  Starport Reactor, Viking x3  
  121  13:31  Marine  
  121  13:32  Marine x13  
  136  13:47  Orbital Command  
  136  13:49  Command Center  
  136  13:51  Marine x13, Supply Depot x2  
  136  13:52  Supply Depot, Siege Tank  
  152  14:07  Marine  
  152  14:08  Medivac  
  152  14:09  Marine  
  156  14:13  Marine x5, Medivac x4  
  156  14:14  Command Center  
  156  14:16  Medivac  
  171  14:34  Supply Depot x2  
  171  14:35  Supply Depot  
  171  14:44  Viking x4  
  179  14:55  Viking x2  
Tags
 
Add a new tag
Caveats
  • Supply blocks, unpowered buildings, or Contaminate may cause inaccurate times.
  • Supply counts are checked every 10 seconds.